 Dungeon Crawl Stone Soup version 0.31.0-9-g3a7656b989 (webtiles) character file.

Game seed: 16596111101051906603

3030365 Baz the Middleweight Champion (level 26, 283/283 HPs)
             Began as a Purple Draconian Shapeshifter on Jan 29, 2024.
             Was the Champion of Jiyva.
             Escaped with the Orb
             ... and 4 runes
             ... and 2 gems!
             The game lasted 02:33:29 (51027 turns).

Baz the Middleweight Champion (DrSh)               Turns: 51027, Time: 02:33:29

Health: 283/283    AC: 17    Str: 21    XL:     26   Next: 17%
Magic:  23/23      EV: 29    Int:  6    God:    Jiyva [******]
Gold:   4059       SH:  0    Dex: 21    Spells: 25/25 levels left

rFire   + +          .
                       - Unarmed
rCold   + + +        (no shield)
rNeg    + + +        (body armour unavailable)
rPois   +            (helmet restricted)
rElec   +            T - +2 cloak
rCorr   +            (no gloves)
SInv    +            Z - +1 pair of boots of the Vaults {rPois Str+2}
Will    ++++.        x - amulet of Absolutism {rElec rC+ Regen+ Dex+3}
Stlth   +            O - ring of Routeaze {rPois rF+ rN+++ Int-3 SInv}
HPRegen 3.07/turn    y - ring of Ilunoank {rElec rF+ rC++ rN+}
MPRegen 0.98/turn

%: no passive effects
@: maw-form
A: devouring maw, breathe power, AC +12, unfitting armour, cold-blooded, cold
resistance 3, dopey 1, strong-willed 1, passive freeze, robust 1, weak 1, wild
magic 1, acidic bite, jelly absorbing missiles, inability to read after injury
1, MP-powered wands
0: Orb of Zot
}: 4/15 runes: decaying, slimy, silver, gossamer
a: Breathe Dispelling Energy, Begin Untransformation, Renounce Religion,
Oozemancy, Slimify


You escaped.
You worshipped Jiyva.
Jiyva was exalted by your worship.
You were a creature with a mouth for a stomach.
You visited 12 branches of the dungeon, and saw 56 of its levels.
You also visited: Trove, Sewer, Bailey, Gauntlet, Ice Cave and Volcano.

You collected 6334 gold pieces.
You spent 2275 gold pieces at shops.

Inventory:

Missiles
 a - 2 throwing nets (quivered)
Armour
 T - a +2 cloak (worn)
 Z - the +1 pair of boots of the Vaults (worn) {rPois Str+2}
   (You found it in a Gauntlet)

   Str+2:     It affects your strength (+2).
   rPois:     It protects you from poison
Jewellery
 c - the ring of the Saviour {rF+ Str+6 Dex+3}
   (You found it in a treasure trove)

   [ring of strength]

   Str+6:     It affects your strength (+6).
   Dex+3:     It affects your dexterity (+3).
   rF+:       It protects you from fire.
 h - a ring of willpower
 n - a +4 ring of slaying
 t - a ring of flight
 x - the amulet of Absolutism (around neck) {rElec rC+ Regen+ Dex+3}
   (You found it in a treasure trove)

   [amulet of regeneration]

   Dex+3:     It affects your dexterity (+3).
   rC+:       It protects you from cold.
   rElec:     It insulates you from electricity.
   Regen+:    It increases your rate of health regeneration.
 y - the ring of Ilunoank (right hand) {rElec rF+ rC++ rN+}
   (You found it on level 5 of the Vaults)

   [ring of protection from fire]

   rF+:       It protects you from fire.
   rC++:      It greatly protects you from cold.
   rElec:     It insulates you from electricity.
   rN+:       It protects you from negative energy.
 E - a +5 ring of evasion
 O - the ring of Routeaze (left hand) {rPois rF+ rN+++ Int-3 SInv}
   (You took it off a minotaur in a Gauntlet)

   [ring of see invisible]

   Int-3:     It affects your intelligence (-3).
   rF+:       It protects you from fire.
   rPois:     It protects you from poison rN+++: It renders you almost immune to
   negative energy.
   SInv:      It lets you see invisible.
Talismans
 Q - a talisman of death
 S - a maw talisman (active)
 V - a serpent talisman
Wands
 j - a wand of polymorph (24)
 o - a wand of flame (112)
 w - a wand of iceblast (36)
 D - a wand of mindburst (55)
 H - a wand of paralysis (27)
 J - a wand of digging (23)
 M - a wand of quicksilver (7)
Scrolls
 b - 3 scrolls of revelation
 i - 12 scrolls of teleportation
 m - 4 scrolls of fog
 p - 9 scrolls of fear
 z - 5 scrolls of blinking
 B - 6 scrolls of amnesia
 C - 6 scrolls of enchant armour
 F - 2 scrolls of silence
 I - 8 scrolls of vulnerability
 L - 2 scrolls of brand weapon
 N - 2 scrolls of butterflies
 R - 4 scrolls of enchant weapon
 W - 7 scrolls of immolation
 X - 3 scrolls of torment
 Y - 4 scrolls of poison
Potions
 d - 10 potions of curing
 e - 7 potions of cancellation
 f - 2 potions of berserk rage
 k - 3 potions of enlightenment
 l - 8 potions of mutation
 q - 13 potions of brilliance
 r - 3 potions of magic
 s - 5 potions of invisibility
 u - 11 potions of ambrosia
 v - 5 potions of might
 A - 6 potions of haste
 G - 4 potions of attraction
 K - 4 potions of lignification
 P - 5 potions of resistance
 U - 4 potions of heal wounds
Miscellaneous
 g - a phantom mirror


   Skills:
 + Level 25.3 Fighting
 + Level 21.7 Dodging
 O Level 27 Unarmed Combat
 + Level 21.8 Shapeshifting


You had 25 spell levels left.
You didn't know any spells.
Your spell library contained the following spells:

 Spells                   Type           Power      Damage    Failure   Level
 Apportation              Tloc           0%         N/A       54%         1
 Freeze                   Ice            0%         1d3       54%         1
 Kiss of Death            Conj/Necr      0%         2d5       54%         1
 Necrotise                Necr           0%         1d4       54%         1
 Shock                    Conj/Air       0%         1d3       54%         1
 Slow                     Hex            0%         N/A       54%         1
 Sting                    Conj/Alch      0%         1d3       54%         1
 Summon Small Mammal      Summ           0%         N/A       54%         1
 Blink                    Tloc           0%         N/A       67%         2
 Cigotuvi's Dreadful Rot  Necr/Alch/Air  0%         N/A       67%         2
 Ensorcelled Hibernation  Hex/Ice        0%         N/A       67%         2
 Jinxbite                 Hex            0%         N/A       67%         2
 Lesser Beckoning         Tloc           0%         N/A       67%         2
 Mercury Vapours          Alch/Air       0%         N/A       67%         2
 Momentum Strike          Conj/Tloc      0%         3d8       67%         2
 Scorch                   Fire           0%         2d5       67%         2
 Static Discharge         Conj/Air       0%         3-3/arc   67%         2
 Call Canine Familiar     Summ           0%         N/A       88%         3
 Confusing Touch          Hex            0%         N/A       88%         3
 Dazzling Flash           Conj/Hex       0%         N/A       88%         3
 Frozen Ramparts          Ice            0%         1d1       88%         3
 Fugue of the Fallen      Necr           0%         N/A       88%         3
 Hailstorm                Conj/Ice       0%         3d5       88%         3
 Mephitic Cloud           Conj/Alch/Air  0%         N/A       88%         3
 Sigil of Binding         Hex            0%         N/A       88%         3
 Stone Arrow              Conj/Erth      0%         3d7       88%         3
 Swiftness                Air            0%         N/A       88%         3
 Tukima's Dance           Hex            0%         N/A       88%         3
 Vampiric Draining        Necr           0%         2d6       88%         3
 Airstrike                Air            0%         2d(0-16)  99%         4
 Anguish                  Hex/Necr       0%         N/A       99%         4
 Animate Dead             Necr           0%         N/A       99%         4
 Dimensional Bullseye     Hex/Tloc       0%         N/A       99%         4
 Dispel Undead            Necr           0%         3d6       99%         4
 Flame Wave               Conj/Fire      0%         2d4       99%         4
 Fulminant Prism          Conj/Alch      0%         3d5       99%         4
 Ignite Poison            Fire/Alch      0%         N/A       99%         4
 Martyr's Knell           Necr/Summ      0%         N/A       99%         4
 Olgreb's Toxic Radiance  Alch           0%         N/A       99%         4
 Passage of Golubria      Tloc           0%         N/A       99%         4
 Petrify                  Alch/Erth      0%         N/A       99%         4
 Sticky Flame             Fire/Alch      0%         2d4       99%         4
 Summon Blazeheart Golem  Fire/Summ      0%         N/A       99%         4
 Summon Lightning Spire   Summ/Air       0%         N/A       99%         4
 Vhi's Electric Charge    Tloc/Air       0%         N/A       99%         4
 Alistair's Intoxication  Alch           0%         N/A       100%        5
 Arcjolt                  Conj/Air       0%         1d10      100%        5
 Curse of Agony           Necr           0%         N/A       100%        5
 Freezing Cloud           Conj/Ice/Air   0%         6-21      100%        5
 Lee's Rapid Deconstruct  Erth           0%         3d4*      100%        5
 Metabolic Englaciation   Hex/Ice        0%         N/A       100%        5
 Silence                  Hex/Air        0%         N/A       100%        5
 Summon Forest            Summ/Tloc      0%         N/A       100%        5
 Yara's Violent Unravell  Hex/Alch       0%         3d3       100%        5
 Conjure Ball Lightning   Conj/Air       0%         3x3d6     100%        6
 Death Channel            Necr           0%         N/A       100%        6
 Eringya's Noxious Bog    Alch           0%         4d6       100%        6
 Plasma Beam              Fire/Air       0%         2x1d10    100%        6
 Sculpt Simulacrum        Ice/Alch       0%         N/A       100%        6
 Summon Cactus Giant      Summ           0%         N/A       100%        6
 Haunt                    Necr/Summ      0%         N/A       100%        7
 Orb of Destruction       Conj           0%         9d5       100%        7
 Ozocubu's Refrigeration  Ice            0%         4d7       100%        7
 Spellforged Servitor     Conj/Summ      0%         N/A       100%        7
 Summon Hydra             Summ           0%         N/A       100%        7
 Discord                  Hex            0%         N/A       100%        8
 Ignition                 Fire           0%         3d3       100%        8
 Lehudib's Crystal Spear  Conj/Erth      0%         10d2      100%        8
 Maxwell's Capacitive Co  Air            0%         ∞         100%        8
 Chain Lightning          Conj/Air       0%         N/A       100%        9
 Death's Door             Necr           0%         N/A       100%        9
 Polar Vortex             Ice            0%         N/A       100%        9
 Animate Armour           Summ/Erth      Unusable   N/A       N/A         4

Dungeon Overview and Level Annotations

Branches:
Dungeon (15/15)            Temple (1/1) D:6            Lair (5/5) D:8
  Swamp (4/4) Lair:2       Spider (4/4) Lair:2        Slime (5/5) Lair:5
    Orc (2/2) D:12            Elf (3/3) Orc:2        Vaults (5/5) D:14
  Crypt (3/3) Vaults:3       Tomb (0/3) Crypt:3      Depths (4/4) D:15
    Zot (5/5) Depths:4      Sewer (visited)          Bailey (visited)
  IceCv (visited)         Volcano (visited)         Gauntlet (visited)

Altars:
Ashenzari
Cheibriados
Dithmenos
Elyvilon
Fedhas
Gozag
Hepliaklqana
Kikubaaqudgha
Makhleb
Nemelex Xobeh
Okawaru
Qazlal
Ru
Sif Muna
Trog
Uskayaw
Vehumet
Wu Jian
Xom
Yredelemnul
Zin
The Shining One
Jiyva

Shops:
D:2 =   D:11 =[(([   Orc:2 ::[*   Elf:1 !   Elf:2 =   Vaults:2 [
Vaults:3 *[?**   Depths:1 :   Depths:2 (*

Portals:
Hell: Depths:1 Depths:2 Depths:3 Depths:4
Abyss: Depths:3
Pandemonium: Depths:2 Depths:4
Ziggurat: Depths:2

Annotations:
D:3 Pargi
D:13 exclusion: ice statue
Slime:5 Royal Jelly
Elf:2 3 runed translucent doors
Vaults:2 2 transporters, Amplified's ghost, adept MiBe; ratatoskos's ghost, adept DjHW
Depths:1 exclusions: hell hog, hell knight and 1 more exclusion


Innate Abilities, Weirdness & Mutations

You are a creature with a mouth for a stomach.
Your midsection houses a second, enormous mouth.
You can breathe bolts of dispelling energy.
Your rich purple scales are hard. (AC +12)
You cannot fit into any form of body armour.
You are cold-blooded and may be slowed by cold attacks.
Your flesh is almost immune to the effects of cold. (rC+++)
You are dopey. (Int -2)
You are strong-willed. (Will+)
A frigid envelope surrounds you and freezes all who hurt you.
You are robust. (+10% HP)
You are weak. (Str -2)
Your spells are a little harder to cast, but a little more powerful.
You have acidic saliva.
You have a small jelly attached to you that may absorb projectiles.
You occasionally lose the ability to read scrolls when taking damage.
You expend magic power (3 MP) to strengthen your wands.


Message History

You climb upwards.
There is a stone staircase leading down here.
There is an open door here.
There is a stone staircase leading up here.
You climb upwards.
There is a stone staircase leading down here.
Okay, then.
Unknown command. 2 sun demons come into view.
The sun demon shouts! x2
There is an open door here.
There is an open door here.
You pummel the sun demon!! You bite the sun demon!
The sun demon is heavily wounded.
The sun demon hits you.
You are engulfed in flames.
You resist.
The sun demon is frozen!
The sun demon is very cold.
The sun demon is severely wounded.
You closely miss the sun demon. You tail-slap the sun demon.
The sun demon is severely wounded.
You pulverise the sun demon!!!
You kill the sun demon!
You closely miss the sun demon. Your bite misses the sun demon. x2
The sun demon misses you.
You closely miss the sun demon.
Your tail-slap misses the sun demon.
You bite the sun demon!
The sun demon is lightly wounded.
You pummel the sun demon!! Your bite misses the sun demon.
You bite the sun demon!
The sun demon is almost dead.
The sun demon closely misses you.
You closely miss the sun demon.
You tail-slap the sun demon, but do no damage.
You punch the sun demon.
You kill the sun demon!
A red devil comes into view. It is wielding a +0 trident.
Things that are here:
a stone; a +0 dagger An Orb Guardian comes into view.
There is a staircase leading out of the dungeon here.
You have escaped!

###############
♣♣♣♣♣♣♣♣♣#4...4......(..
♣.......♣#X############.
♣.PPPPP.♣#.# #####.
♣.P~~~P.♣#.# #.....
♣.P~8~P.♣#.# #....4
♣.P~~~P.X..# #.....
♣.PPPPP.♣..# ##.###.
♣......W♣#.# #>.....
♣♣♣♣♣♣♣♣♣#.# #.##... #.#
#.##... #.# #.##...
#.#######.##...
#.......#.####+
#.#####.#.##...
######'### #......##
#........# #......#


You could see an Orb Guardian.

Vanquished Creatures
  5 dread liches
  4 ancient liches
  6 orbs of fire
  3 juggernauts
  Boris (twice) (Depths:3 Crypt:1)
  10 Killer Klowns
  Saint Roka (Vaults:3)
  The ghost of Hali the Executioner, a veteran FoFi of Dithmenos (Crypt:2)
  4 caustic shrikes (Depths:4)
  8 golden dragons
  2 bone dragons
  3 doom hounds (Zot:2)
  Arachne (Spider:3)
  A Tzitzimitl (Depths:1)
  3 electric golems
  A Brimstone Fiend (D:12)
  15 tentacled monstrosities
  Zenata (Crypt:1)
  4 liches
  Jorgrun (D:13)
  A shard shrike skeleton (Crypt:3)
  2 deep elf blademasters (Elf:3)
  6 quicksilver dragons
  3 sphinxes
  Grunn (Zot:2)
  25 Orb Guardians
  7 titans
  4 deep elf master archers (Elf:3)
  11 death cobs
  13 storm dragons
  A fenstrider witch (Swamp:3)
  7 shadow dragons
  3 ancient champions
  4 tengu reavers
  4 protean progenitors
  14 deep elf sorcerers
  7 frost giants
  8 fire giants
  19 vault wardens
  5 draconian monks
  10 ghost moths
  7 draconian knights
  An emperor scorpion (Spider:4)
  3 draconian shifters
  2 iron dragons
  9 ghouls (Crypt:2)
  2 draconian scorchers
  A caustic shrike zombie (Crypt:2)
  3 deep elf elementalists (Elf:3)
  A curse skull (Crypt:2)
  2 reapers
  18 very ugly things
  13 stone giants
  5 draconian stormcallers
  3 draconian annihilators
  3 spriggan defenders
  A juggernaut skeleton (Crypt:3)
  20 ironbound preservers
  4 broodmothers (Spider:4)
  12 deep elf demonologists
  8 ironbound thunderhulks
  9 green draconians
  2 lorocyprocas
  10 purple draconians
  Nessos (D:15)
  6 vampire knights
  6 black draconians
  2 spectral hellephants (Crypt:1)
  6 war gargoyles
  7 red draconians
  6 deep elf death magi
  7 deep elf annihilators
  3 eleionomae
  7 dire elephants
  9 yellow draconians
  3 bunyips
  7 white draconians
  A minotaur (Gauntlet)
  13 ettins
  2 spectral elves (Crypt:1)
  A spark wasp (Depths:3)
  2 eidola
  4 jiangshi
  A quicksilver dragon zombie (Crypt:2)
  4 crystal guardians
  8 fire dragons
  8 yaktaur captains
  A shambling mangrove (Swamp:4)
  5 deep elf high priests
  3 entropy weavers
  Fannar (Lair:2)
  35 vault guards
  3 jorogumos
  An entropy weaver (shapeshifter) (D:14)
  9 ice dragons
  4 rakshasas
  2 peacekeepers
  Erolcha (D:12)
  22 hydras
  4 spriggan air magi
  A spectral shadow dragon (Crypt:1)
  3 ghost crabs
  5 ogre magi
  9 ironbound frosthearts
  3 radroaches (Spider:4)
  12 alligators
  3 death knights
  Erica (Orc:1)
  11 centaur warriors
  15 dancing weapons
  6 death yaks
  2 tengu warriors (Depths:3)
  10 boulder beetles
  4 orc high priests
  A sphinx skeleton (Crypt:2)
  12 two-headed ogres
  6 deep troll shamans
  5 deep troll earth magi
  10 vampire magi
  4 soul eaters
  7 sun demons
  3 occultists
  3 titan zombies
  6 demonic crawlers
  11 deep elf knights
  12 hell knights
  13 spriggan berserkers
  34 skeletal warriors
  3 skysharks
  3 bunyip zombies
  7 goliath frogs
  2 pharaoh ants
  A spriggan druid (Swamp:1)
  A sixfirhy (Depths:1)
  3 sun moths
  51 deep trolls
  8 arcanists
  An iron troll (Depths:4)
  A shadow demon (Depths:2)
  11 bog bodies
  8 orb spiders
  15 deep elf archers
  3 flayed ghosts
  7 steelbarb worms
  8 swamp dragons
  20 ironbound convokers
  35 deep elf pyromancers
  2 phantasmal warriors
  Pikel (D:5)
  8 lindwurms
  13 necromancers
  9 orc knights
  A shadow dragon zombie (Crypt:3)
  A harpy (shapeshifter) (D:15)
  A swamp dragon (shapeshifter) (Vaults:4)
  A salamander (Depths:1)
  A stone giant zombie (Crypt:3)
  23 deep elf zephyrmancers
  7 large abominations
  22 wolf spiders
  8 harpies (Vaults:2)
  36 ugly things
  4 orc sorcerers
  3 cyclopes
  A wolf spider zombie (D:15)
  3 manticores
  An iron dragon skeleton (Crypt:2)
  12 elephants
  A kobold blastminer (Orc:2)
  21 moths of wrath
  11 meliai
  A rust devil (Depths:4)
  A centaur zombie (D:15)
  5 black mambas
  15 vault sentinels
  7 torpor snails
  3 smoke demons (Depths:1)
  10 cane toads
  2 naga skeletons (Crypt:3)
  5 gargoyles (D:12)
  A hellion (D:4)
  24 yaktaurs
  2 unseen horrors (D:12)
  A grey draconian zombie (Crypt:1)
  3 centaur skeletons
  An unseen horror zombie (Crypt:1)
  A dire elephant skeleton (Crypt:3)
  7 komodo dragons
  2 tengu conjurers
  5 freezing wraiths
  2 efreet
  3 rime drakes
  3 trolls
  A hydra zombie (Crypt:2)
  4 tyrant leeches
  A harpy zombie (Crypt:3)
  2 polar bears (Lair:5)
  19 tarantellas
  13 blink frogs
  20 hornets
  2 snapping turtles (shapeshifter)
  A raiju (Vaults:3)
  A radroach zombie (Crypt:1)
  11 dream sheep
  8 water elementals
  A ynoxinul (Depths:4)
  14 culicivoras
  25 spriggans
  10 air elementals
  26 jumping spiders
  4 shadows
  9 wraiths
  2 centaur simulacra
  4 vampires
  3 hogs (D:14)
  11 fire elementals
  5 wyverns
  66 yaks
  A yak (shapeshifter) (Elf:2)
  3 humans (D:14)
  4 basilisks (Lair:3)
  29 vampire mosquitoes
  2 steam dragons (D:9)
  6 wargs
  3 death yak simulacra (IceCv)
  55 redbacks
  14 swamp worms
  A harpy simulacrum (Crypt:2)
  5 acid dragons
  2 hell hounds (Volcano)
  9 water moccasins
  A meliai simulacrum (Gauntlet)
  A merfolk skeleton (Crypt:2)
  8 swamp drakes
  5 black bears
  28 orc warriors
  32 laughing skulls
  28 ogres
  9 boggarts
  10 small abominations
  39 wolves
  A lemure (D:6)
  A kobold brigand (D:10)
  A fire crab zombie (Crypt:2)
  6 earth elementals (Elf:1)
  17 bullfrogs
  A yaktaur skeleton (Crypt:1)
  3 scorpions
  2 cane toad simulacra (IceCv)
  5 necrophages
  A warg skeleton (Crypt:1)
  A hornet simulacrum (Gauntlet)
  5 wights (D:8)
  A shapeshifter zombie (Crypt:2)
  11 killer bees
  An elephant simulacrum (IceCv)
  7 howler monkeys
  2 spriggan skeletons
  4 hounds
  3 jellies (Sewer)
  12 orc priests
  3 gnoll boudas
  A sleepcap (D:8)
  Jessica (D:2)
  Natasha (twice) (D:2)
  Terence (D:2)
  8 iguanas
  21 orc wizards
  A polar bear simulacrum (IceCv)
  7 hell rats (Lair:3)
  2 naga zombies
  A boggart simulacrum (Gauntlet)
  12 gnolls
  2 river rats (Sewer)
  7 adders
  4 shadow imps
  2 white imps
  2 ufetubi
  A lava snake zombie (Crypt:2)
  An iguana skeleton (Crypt:1)
  4 dart slugs
  3 ribbon worms
  64 orcs
  5 bats
  18 endoplasms
  8 giant cockroaches
  4 goblins
  4 hobgoblins
  4 jackals (D:2)
  6 quokkas
  8 ball pythons
  3 frilled lizards
  A goblin zombie (Crypt:2)
  10 kobolds
  16 rats
  An aspiring flesh (Zot:4)
2151 creatures vanquished.

Vanquished Creatures (collateral kills)
  A vault warden (Vaults:5)
  A deep elf high priest (Vaults:5)
  An entropy weaver (Spider:2)
  A boulder beetle (Vaults:2)
  4 orb spiders
  5 deep elf pyromancers (Volcano)
  A phantasmal warrior (Vaults:5)
  2 wolf spiders
  An efreet (Depths:1)
  3 tarantellas
  A redback (Spider:1)
  A wolf (Lair:1)
22 creatures vanquished.

Vanquished Creatures (others)
  A golden dragon (Zot:5)
  3 acid blobs
  Kirke (D:14)
  An azure jelly (Lair:5)
  3 formless jellyfish
  2 entropy weavers (Spider:2)
  7 great orbs of eyes
  A yaktaur captain (Vaults:2)
  A vault guard (Vaults:4)
  The ghost of kalagan the Thaumaturge, a journeyman DECj of Sif Muna (Lair:5)
  An alligator (Swamp:4)
  5 death yaks (Lair:5)
  A deep elf knight (Vaults:2)
  A demonic crawler (Spider:3)
  4 glowing orange brains
  An arcanist (Vaults:4)
  2 swamp dragons (Swamp:4)
  A deep elf zephyrmancer (Elf:2)
  A mana viper (shapeshifter) (Vaults:5)
  2 necromancers (Vaults:3)
  3 ironbound convokers
  3 ugly things
  A shining eye (shapeshifter) (Depths:4)
  An oklob plant (Spider:2)
  A moth of wrath (Zot:1)
  5 elephants (Lair:5)
  A black mamba (Lair:5)
  A water nymph (shapeshifter) (Vaults:5)
  3 vault sentinels
  An unseen horror (D:12)
  An eye of devastation (Zot:5)
  A cane toad (Lair:5)
  A yaktaur (Vaults:4)
  A komodo dragon (Lair:5)
  A rime drake (Lair:5)
  A bloated husk (Swamp:1)
  2 hornets (Lair:5)
  2 polar bears (Lair:5)
  A tarantella (Spider:3)
  A raiju (Vaults:2)
  2 glass eyes
  22 slime creatures
  2 culicivoras (shapeshifter)
  8 spriggans (Lair:5)
  5 yaks (Lair:5)
  3 basilisks (Lair:5)
  3 wyverns
  A vampire mosquito (D:12)
  A warg (shapeshifter) (Elf:2)
  2 humans
  3 acid dragons (Spider:2)
  9 water moccasins
  3 orc warriors
  2 black bears (Lair:5)
  A laughing skull (Vaults:3)
  3 ogres (Orc:2)
  10 wolves (Lair:5)
  A phantom (D:6)
  2 bullfrogs
  A howler monkey (D:6)
  A bombardier beetle (D:5)
  217 jellies
  A hound (D:4)
  An orc priest (Orc:2)
  4 orc wizards
  A statue (D:11)
  2 ufetubi
  A dart slug (D:4)
  An endoplasm (D:4)
  8 orcs
  2 kobolds (D:4)
  A butterfly (Lair:1)
396 creatures vanquished.

Grand Total: 2569 creatures vanquished

Notes
Turn   | Place    | Note
-------+----------+-------------------------------------------
     0 | D:1      | Baz the Draconian Shapeshifter began the quest for the Orb.
     0 | D:1      | Reached XP level 1. HP: 16/16 MP: 1/1
   112 | D:1      | Reached XP level 2. HP: 23/23 MP: 2/2
   811 | D:2      | Noticed Jessica
   823 | D:2      | Killed Jessica
   824 | D:2      | Reached XP level 3. HP: 25/29 MP: 3/3
   932 | D:2      | Reached XP level 4. HP: 36/36 MP: 4/4
  1289 | D:2      | Noticed Natasha
  1297 | D:2      | Killed Natasha
  1298 | D:2      | Reached skill level 4 in Unarmed Combat
  1338 | D:2      | Found Opsic's Jewellery Shoppe.
  1354 | D:2      | Noticed Terence
  1368 | D:2      | Killed Terence
  1586 | D:2      | Noticed Natasha
  1588 | D:2      | Killed Natasha
  1589 | D:2      | Reached XP level 5. HP: 37/42 MP: 5/5
  1989 | D:3      | Noticed Pargi
  2142 | D:3      | Found a sacrificial altar of Ru.
  2179 | D:3      | Found an iron altar of Okawaru.
  2626 | D:3      | Found a hazy altar of Hepliaklqana.
  2626 | D:3      | Found a shadowy altar of Dithmenos.
  2892 | D:4      | Reached XP level 6. HP: 50/50 MP: 6/6
  2943 | D:4      | Found a glowing drain.
  2972 | Sewer    | Entered a sewer
  3147 | Sewer    | Reached skill level 5 in Unarmed Combat
  3391 | Sewer    | Found a viscous altar of Jiyva.
  3400 | Sewer    | Became a worshipper of Jiyva Jewefaof the Shapeless
  3539 | D:4      | Found a shimmering altar of Xom.
  3863 | D:4      | Reached * piety under Jiyva
  4186 | D:4      | Found a shimmering blue altar of Sif Muna.
  4192 | D:4      | Your scales start taking on a rich purple colour.
  4192 | D:4      | Reached XP level 7. HP: 58/58 MP: 7/7
  4336 | D:5      | Entered Level 5 of the Dungeon
  4506 | D:5      | Reached ** piety under Jiyva
  5018 | D:5      | Reached skill level 6 in Unarmed Combat
  5060 | D:6      | Noticed Pikel
  5103 | D:5      | Killed Pikel
  5104 | D:5      | Reached skill level 5 in Shapeshifting
  5104 | D:5      | Reached XP level 8. HP: 53/67 MP: 8/8
  5164 | D:6      | Reached skill level 7 in Unarmed Combat
  5327 | D:6      | Reached skill level 5 in Fighting
  5409 | D:6      | Found an ancient bone altar of Kikubaaqudgha.
  5410 | D:6      | Found a basalt altar of Yredelemnul.
  5411 | D:6      | Found a broken altar of Ashenzari.
  5411 | D:6      | Found a hide-covered altar of Uskayaw.
  5467 | D:6      | Found a staircase to the Ecumenical Temple.
  5483 | D:6      | Reached *** piety under Jiyva
  5640 | D:6      | Gained mutation: Your tail ends in a venomous barb.
                  | [Jiyva's grace]
  5640 | D:6      | Gained mutation: Your tail ends in a sharp venomous barb.
                  | [Jiyva's grace]
  5640 | D:6      | Gained mutation: Your tail ends in a wickedly sharp and
                  | venomous barb. [Jiyva's grace]
  5640 | D:6      | Gained mutation: Armour fits poorly on your pseudopods.
                  | [Jiyva's grace]
  5984 | D:7      | Reached **** piety under Jiyva
  6587 | D:8      | Found a flagged portal.
  6615 | Bailey   | Entered a bailey
  6670 | Bailey   | Reached skill level 5 in Dodging
  6670 | Bailey   | Reached skill level 8 in Unarmed Combat
  6671 | Bailey   | Reached XP level 9. HP: 47/75 MP: 9/9
  6680 | Bailey   | Lost mutation: Your tail ends in a wickedly sharp and
                  | venomous barb. [potion of mutation]
  6680 | Bailey   | Lost mutation: Armour fits poorly on your pseudopods.
                  | [potion of mutation]
  6680 | Bailey   | Gained mutation: You have an increased reservoir of magic.
                  | (+10% MP) [potion of mutation]
  6680 | Bailey   | Gained mutation: You occasionally lose the ability to drink
                  | potions when taking damage. [potion of mutation]
  6680 | Bailey   | Gained mutation: You have large cloven feet. [potion of
                  | mutation]
  6753 | Bailey   | Found a large runed translucent door.
  6753 | Bailey   | Found a large runed translucent door.
  6754 | Bailey   | Noticed a deep elf pyromancer
  6755 | Bailey   | Noticed an orc knight
  6791 | Bailey   | Killed an orc knight
  6814 | Bailey   | Killed a deep elf pyromancer
  6815 | Bailey   | Reached skill level 9 in Unarmed Combat
  6837 | Bailey   | Got the Compilation of the Gang
  6964 | D:8      | Reached XP level 10. HP: 73/86 MP: 11/11
  7007 | D:8      | Found a staircase to the Lair.
  7056 | D:8      | Reached ***** piety under Jiyva
  7527 | D:8      | Found a blossoming altar of Fedhas.
  7696 | D:9      | Reached skill level 10 in Unarmed Combat
  7854 | D:9      | Lost mutation: Your tail ends in a sharp venomous barb.
                  | [Jiyva's grace]
  7854 | D:9      | Lost mutation: You occasionally lose the ability to drink
                  | potions when taking damage. [Jiyva's grace]
  7854 | D:9      | Gained mutation: You have a small jelly attached to you
                  | that senses nearby items. [Jiyva's grace]
  7854 | D:9      | Gained mutation: Your muscles are strong. (Str +4, Int/Dex
                  | -1) [Jiyva's grace]
  7854 | D:9      | Gained mutation: Your muscles are very strong. (Str +8,
                  | Int/Dex -2) [Jiyva's grace]
  7854 | D:9      | Gained mutation: You expend magic power (3 MP) to
                  | strengthen your wands. [Jiyva's grace]
  7943 | D:9      | Found a snail-covered altar of Cheibriados.
  8342 | D:9      | Found a glowing silver altar of Zin.
  8342 | D:9      | Found a white marble altar of Elyvilon.
  8342 | D:9      | Found a glowing golden altar of the Shining One.
  8414 | Lair:1   | Entered Level 1 of the Lair of Beasts
  8417 | Lair:1   | Noticed a cane toad
  8442 | Lair:1   | Killed a cane toad
  8542 | Lair:1   | Noticed a cane toad
  8550 | Lair:1   | Killed a cane toad
  8665 | Lair:1   | Reached skill level 11 in Unarmed Combat
  8685 | Lair:1   | Noticed a cane toad
  8691 | Lair:1   | Killed a cane toad
  8759 | Lair:1   | Reached XP level 11. HP: 95/95 MP: 12/12
  9412 | Lair:2   | Noticed a skyshark
  9431 | Lair:2   | Killed a skyshark
  9447 | Lair:2   | Reached skill level 12 in Unarmed Combat
  9561 | Lair:2   | Found a dark tunnel.
  9572 | Volcano  | Entered a volcano
  9598 | Volcano  | Noticed a deep elf pyromancer
  9599 | Volcano  | Noticed a deep elf archer
  9599 | Volcano  | Noticed a deep elf pyromancer
  9604 | Volcano  | Noticed a deep elf pyromancer
  9617 | Volcano  | Killed a deep elf pyromancer
  9639 | Volcano  | Noticed a deep elf pyromancer
  9640 | Volcano  | Noticed a deep elf pyromancer
  9643 | Volcano  | Noticed a deep elf pyromancer
  9646 | Volcano  | Noticed a deep elf pyromancer
  9657 | Volcano  | Killed a deep elf pyromancer
  9660 | Volcano  | Killed a deep elf pyromancer
  9679 | Volcano  | Killed a deep elf pyromancer
  9680 | Volcano  | Killed a deep elf pyromancer
  9684 | Volcano  | Killed a deep elf pyromancer
  9688 | Volcano  | Killed a deep elf pyromancer
  9715 | Volcano  | Killed a deep elf archer
  9720 | Volcano  | Noticed a deep elf pyromancer
  9724 | Volcano  | Killed a deep elf pyromancer
  9725 | Volcano  | Reached XP level 12. HP: 97/106 MP: 13/13
  9814 | Lair:2   | Reached ****** piety under Jiyva
  9838 | Lair:2   | Noticed a boulder beetle
  9852 | Lair:2   | Killed a boulder beetle
  9853 | Lair:2   | Reached skill level 13 in Unarmed Combat
  9870 | Lair:2   | Reached skill level 10 in Fighting
  9880 | Lair:2   | Lost mutation: You expend magic power (3 MP) to strengthen
                  | your wands. [Jiyva's grace]
  9880 | Lair:2   | Gained mutation: A frigid envelope surrounds you and
                  | freezes all who hurt you. [Jiyva's grace]
  9880 | Lair:2   | Gained mutation: You are covered in slimy tendrils that may
                  | disarm your opponents. [Jiyva's grace]
  9880 | Lair:2   | Gained mutation: You are agile. (Dex +4, Str/Int -1)
                  | [Jiyva's grace]
  9880 | Lair:2   | Gained mutation: You are very agile. (Dex +8, Str/Int -2)
                  | [Jiyva's grace]
  9915 | Lair:2   | Found a hole to the Spider Nest.
  9968 | Lair:2   | Noticed Fannar
  9978 | Lair:2   | Killed Fannar
 10392 | Lair:2   | Found a staircase to the Swamp.
 10423 | Lair:2   | Noticed a seven-headed hydra
 10430 | Lair:2   | Killed a seven-headed hydra
 10777 | Lair:3   | Reached skill level 14 in Unarmed Combat
 11134 | Lair:3   | Reached XP level 13. HP: 106/116 MP: 14/14
 11233 | Lair:3   | Reached skill level 10 in Shapeshifting
 11945 | Lair:4   | Lost mutation: You are very agile. (Dex +8, Str/Int -2)
                  | [Jiyva's grace]
 11945 | Lair:4   | Lost mutation: You have an increased reservoir of magic.
                  | (+10% MP) [Jiyva's grace]
 11945 | Lair:4   | Lost mutation: Your muscles are very strong. (Str +8,
                  | Int/Dex -2) [Jiyva's grace]
 11945 | Lair:4   | Gained mutation: Your melee attacks may engulf your foes in
                  | ooze. [Jiyva's grace]
 11945 | Lair:4   | Gained mutation: Your translucent skin slightly reduces
                  | your foes' accuracy. (Stealth+) [Jiyva's grace]
 11945 | Lair:4   | Gained mutation: Your translucent skin reduces your foes'
                  | accuracy. (Stealth+) [Jiyva's grace]
 11945 | Lair:4   | Gained mutation: Your transparent skin significantly
                  | reduces your foes' accuracy. (Stealth+) [Jiyva's grace]
 11961 | Lair:4   | Reached skill level 15 in Unarmed Combat
 12133 | Lair:4   | Reached skill level 10 in Dodging
 12729 | Lair:5   | Entered Level 5 of the Lair of Beasts
 12734 | Lair:5   | Killed kalagan's ghost
 12830 | Lair:5   | Found a runed translucent gate.
 12831 | Lair:5   | Noticed an acid blob
 12831 | Lair:5   | Noticed an acid blob
 12834 | Lair:5   | Noticed a quicksilver ooze
 12834 | Lair:5   | Noticed an azure jelly
 12834 | Lair:5   | Noticed an azure jelly
 12835 | Lair:5   | Found a runed translucent gate.
 12835 | Lair:5   | Found a runed translucent gate.
 12835 | Lair:5   | Noticed an azure jelly
 12835 | Lair:5   | Noticed an azure jelly
 12836 | Lair:5   | Noticed an acid blob
 12836 | Lair:5   | Noticed an azure jelly
 12836 | Lair:5   | Noticed an azure jelly
 12837 | Lair:5   | Found a viscous altar of Jiyva.
 12837 | Lair:5   | Noticed an azure jelly
 12837 | Lair:5   | Noticed a rockslime
 12837 | Lair:5   | Noticed an acid blob
 12837 | Lair:5   | Noticed an acid blob
 12912 | Lair:5   | Reached XP level 14. HP: 117/126 MP: 14/14
 13002 | Lair:5   | Killed an azure jelly
 13011 | Lair:5   | Killed an acid blob
 13191 | Lair:5   | Reached skill level 16 in Unarmed Combat
 13217 | Lair:5   | Killed an acid blob
 13343 | Lair:5   | Identified the amulet "Nughul" {Faith rElec Dex+5 Slay-6}
 13729 | Lair:5   | Found a staircase to the Slime Pits.
 13729 | Lair:5   | Lost mutation: You have large cloven feet. [Jiyva's grace]
 13729 | Lair:5   | Lost mutation: You are agile. (Dex +4, Str/Int -1) [Jiyva's
                  | grace]
 13729 | Lair:5   | Lost mutation: Your muscles are strong. (Str +4, Int/Dex
                  | -1) [Jiyva's grace]
 13729 | Lair:5   | Lost mutation: Your melee attacks may engulf your foes in
                  | ooze. [Jiyva's grace]
 13729 | Lair:5   | Gained mutation: Your mind is acute. (Int +4, Str/Dex -1)
                  | [Jiyva's grace]
 13729 | Lair:5   | Gained mutation: Your mind is very acute. (Int +8, Str/Dex
                  | -2) [Jiyva's grace]
 13729 | Lair:5   | Gained mutation: You have acidic saliva. [Jiyva's grace]
 13729 | Lair:5   | Gained mutation: You expend magic power (3 MP) to
                  | strengthen your wands. [Jiyva's grace]
 13729 | Lair:5   | Found a viscous altar of Jiyva.
 14071 | D:10     | Entered Level 10 of the Dungeon
 15038 | D:11     | Found Mips's Antique Armour Boutique.
 15075 | D:11     | Found Maejiwn's Jewellery Shop.
 15140 | D:11     | Bought a maw talisman for 420 gold pieces
 15148 | D:11     | Found Asuwkes's Weapon Emporium.
 15202 | D:11     | Found Xoazo's Weapon Emporium.
 15223 | D:11     | Found Xaig's Antique Armour Boutique.
 15369 | D:11     | Lost mutation: Your tail ends in a venomous barb. [Jiyva's
                  | grace]
 15369 | D:11     | Gained mutation: Your tail ends in a venomous barb.
                  | [Jiyva's grace]
 15369 | D:11     | Gained mutation: Your tail ends in a sharp venomous barb.
                  | [Jiyva's grace]
 15369 | D:11     | Gained mutation: Your tail ends in a wickedly sharp and
                  | venomous barb. [Jiyva's grace]
 15369 | D:11     | Gained mutation: Armour fits poorly on your pseudopods.
                  | [Jiyva's grace]
 15387 | D:11     | Found a radiant altar of Vehumet.
 15463 | D:11     | Bought an embroidered cloak for 255 gold pieces
 15740 | D:12     | Noticed Erolcha
 15762 | D:12     | Killed Erolcha
 15994 | D:12     | Identified the +5 quarterstaff of Dueniwun {freeze, rElec
                  | SInv}
 16447 | D:12     | Found a staircase to the Orcish Mines.
 16641 | D:13     | Reached skill level 17 in Unarmed Combat
 16675 | D:13     | Noticed Jorgrun
 16692 | D:13     | Killed Jorgrun
 16741 | D:13     | Found a gate leading to a gauntlet.
 16756 | Gauntlet | Entered a Gauntlet
 16756 | Gauntlet | Found a transporter.
 16767 | Gauntlet | Found a transporter.
 16767 | Gauntlet | Found a transporter.
 16769 | Gauntlet | Found a transporter.
 16806 | Gauntlet | Found a transporter.
 16808 | Gauntlet | Found a transporter.
 16882 | Gauntlet | Found a transporter.
 16970 | Gauntlet | Found a transporter.
 16982 | Gauntlet | Found a transporter.
 16992 | Gauntlet | Found a transporter.
 17019 | Gauntlet | Identified the +1 pair of boots of the Vaults {rPois Str+2}
 17045 | Gauntlet | Found a transporter.
 17055 | Gauntlet | Identified the +3 fire dragon scales of Umyilygh {-Tele
                  | rF++ rC- rN+ Regen+ Dex+7}
 17055 | Gauntlet | Identified the ring of Routeaze {rPois rF+ rN+++ Int-3
                  | SInv}
 17078 | Gauntlet | Got the Folio of Vapour
 17088 | Gauntlet | Identified the +1 ring mail "Qijiru" {*Corrode rElec rPois
                  | Regen+}
 17275 | D:13     | Reached XP level 15. HP: 120/129 MP: 15/15
 17754 | Temple   | Entered the Ecumenical Temple
 17909 | D:14     | Identified the staff of Xyful {rPois Will+ Str+3 Alchemy}
 17999 | D:14     | Lost mutation: Your tail ends in a wickedly sharp and
                  | venomous barb. [Jiyva's grace]
 17999 | D:14     | Lost mutation: Your mind is very acute. (Int +8, Str/Dex
                  | -2) [Jiyva's grace]
 17999 | D:14     | Lost mutation: Your transparent skin significantly reduces
                  | your foes' accuracy. (Stealth+) [Jiyva's grace]
 17999 | D:14     | Lost mutation: You expend magic power (3 MP) to strengthen
                  | your wands. [Jiyva's grace]
 17999 | D:14     | Gained mutation: You have hidden genetic potential.
                  | [Jiyva's grace]
 17999 | D:14     | Gained mutation: You have great hidden genetic potential.
                  | [Jiyva's grace]
 17999 | D:14     | Gained mutation: You possess an exceptional clarity of
                  | mind. [Jiyva's grace]
 17999 | D:14     | Gained mutation: Your tail ends in a wickedly sharp and
                  | venomous barb. [Jiyva's grace]
 18413 | D:14     | Found a gate to the Vaults.
 18797 | D:15     | Entered Level 15 of the Dungeon
 18807 | D:15     | Noticed Nessos
 18818 | D:15     | Noticed Kirke
 18867 | D:14     | Killed Kirke
 18924 | D:15     | Killed Nessos
 19311 | D:15     | Found a staircase to the Depths.
 19328 | D:15     | Reached skill level 18 in Unarmed Combat
 19397 | D:15     | Found a burning altar of Makhleb.
 19844 | Orc:1    | Entered Level 1 of the Orcish Mines
 19962 | Orc:1    | Noticed Erica
 19968 | Orc:1    | Killed Erica
 20079 | Orc:1    | Found a frozen archway.
 20149 | IceCv    | Entered an ice cave
 20549 | Orc:2    | Entered Level 2 of the Orcish Mines
 20549 | Orc:2    | Found a staircase to the Elven Halls.
 20905 | Orc:2    | Reached XP level 16. HP: 109/147 MP: 16/16
 20921 | Orc:2    | Gained mutation: You are agile. (Dex +4, Str/Int -1)
                  | [Jiyva's grace]
 20921 | Orc:2    | Gained mutation: You are very agile. (Dex +8, Str/Int -2)
                  | [Jiyva's grace]
 20921 | Orc:2    | Gained mutation: You expend magic power (3 MP) to
                  | strengthen your wands. [Jiyva's grace]
 20921 | Orc:2    | Gained mutation: Your melee attacks may engulf your foes in
                  | ooze. [Jiyva's grace]
 20948 | Orc:2    | Found Ningeque's Book Emporium.
 20948 | Orc:2    | Found Voshus's Book Boutique.
 20949 | Orc:2    | Found Cacvisme's General Store.
 20949 | Orc:2    | Found Bubytiar's Armour Emporium.
 21441 | Spider:1 | Entered Level 1 of the Spider Nest
 21529 | Spider:1 | Gained mutation: You have a pair of small antennae on your
                  | head. [hidden potential]
 22045 | Spider:1 | Reached skill level 19 in Unarmed Combat
 22380 | Spider:2 | Killed an acid blob
 22636 | Spider:2 | Reached skill level 15 in Fighting
 23529 | Spider:3 | Noticed Arachne
 23565 | Spider:3 | Killed Arachne
 23627 | Spider:3 | Lost mutation: Your tail ends in a wickedly sharp and
                  | venomous barb. [Jiyva's grace]
 23627 | Spider:3 | Lost mutation: Your tail ends in a sharp venomous barb.
                  | [Jiyva's grace]
 23627 | Spider:3 | Lost mutation: Your translucent skin reduces your foes'
                  | accuracy. (Stealth+) [Jiyva's grace]
 23627 | Spider:3 | Lost mutation: You have great hidden genetic potential.
                  | [Jiyva's grace]
 23627 | Spider:3 | Lost mutation: You are covered in slimy tendrils that may
                  | disarm your opponents. [Jiyva's grace]
 23627 | Spider:3 | Lost mutation: Your melee attacks may engulf your foes in
                  | ooze. [Jiyva's grace]
 23627 | Spider:3 | Gained mutation: Your translucent skin reduces your foes'
                  | accuracy. (Stealth+) [Jiyva's grace]
 23627 | Spider:3 | Gained mutation: Your transparent skin significantly
                  | reduces your foes' accuracy. (Stealth+) [Jiyva's grace]
 23627 | Spider:3 | Gained mutation: Your spells are a little harder to cast,
                  | but a little more powerful. [Jiyva's grace]
 23627 | Spider:3 | Gained mutation: Your spells are harder to cast, but more
                  | powerful. [Jiyva's grace]
 24225 | Spider:4 | Entered Level 4 of the Spider Nest
 24261 | Spider:4 | Reached XP level 17. HP: 153/156 MP: 17/17
 24363 | Spider:4 | Gained mutation: Your muscles are strong. (Str +4, Int/Dex
                  | -1) [hidden potential]
 24363 | Spider:4 | Lost mutation: You have hidden genetic potential. [hidden
                  | potential expressed]
 24409 | Spider:4 | Reached skill level 20 in Unarmed Combat
 25109 | Spider:4 | Got a gossamer rune of Zot
 25302 | Swamp:1  | Entered Level 1 of the Swamp
 25530 | Swamp:1  | You fall into a shaft and drop 1 floor!
 25530 | Swamp:2  | Found an opulent altar of Gozag.
 26006 | Swamp:1  | Lost mutation: Your tail ends in a venomous barb. [Jiyva's
                  | grace]
 26006 | Swamp:1  | Lost mutation: Your mind is acute. (Int +4, Str/Dex -1)
                  | [Jiyva's grace]
 26006 | Swamp:1  | Lost mutation: Armour fits poorly on your pseudopods.
                  | [Jiyva's grace]
 26006 | Swamp:1  | Lost mutation: Your transparent skin significantly reduces
                  | your foes' accuracy. (Stealth+) [Jiyva's grace]
 26006 | Swamp:1  | Lost mutation: Your translucent skin reduces your foes'
                  | accuracy. (Stealth+) [Jiyva's grace]
 26006 | Swamp:1  | Lost mutation: Your translucent skin slightly reduces your
                  | foes' accuracy. (Stealth+) [Jiyva's grace]
 26006 | Swamp:1  | Gained mutation: You have sharp fingernails. [Jiyva's
                  | grace]
 26006 | Swamp:1  | Gained mutation: You have very sharp fingernails. [Jiyva's
                  | grace]
 26006 | Swamp:1  | Gained mutation: You have claws for hands. [Jiyva's grace]
 26006 | Swamp:1  | Gained mutation: Your muscles are very strong. (Str +8,
                  | Int/Dex -2) [Jiyva's grace]
 26559 | Swamp:3  | Reached skill level 21 in Unarmed Combat
 26578 | Swamp:3  | Got the Catalogue of Doom
 26760 | Swamp:4  | Entered Level 4 of the Swamp
 26792 | Swamp:4  | Reached XP level 18. HP: 168/168 MP: 18/18
 26942 | Swamp:4  | Found the +3 pair of seven-league boots {Rampage+∞}
 26998 | Swamp:4  | Noticed the 27-headed Lernaean hydra
 27003 | Swamp:4  | Slimified the 27-headed Lernaean hydra
 27003 | Swamp:4  | the 27-headed Lernaean hydra changed into an acid blob
                  | shaped Lernaean hydra
 27003 | Swamp:4  | Noticed an acid blob shaped Lernaean hydra
 27009 | Swamp:4  | Got a mossy gem with 36 turns to spare
 27011 | Swamp:4  | Got a decaying rune of Zot
 27149 | Swamp:4  | Identified the +0 robe of the Lonely Beds {rElec}
 27619 | Vaults:1 | Entered Level 1 of the Vaults
 27780 | Vaults:1 | Lost mutation: You have claws for hands. [Jiyva's grace]
 27780 | Vaults:1 | Lost mutation: You are very agile. (Dex +8, Str/Int -2)
                  | [Jiyva's grace]
 27780 | Vaults:1 | Lost mutation: Your spells are harder to cast, but more
                  | powerful. [Jiyva's grace]
 27780 | Vaults:1 | Lost mutation: Your spells are a little harder to cast, but
                  | a little more powerful. [Jiyva's grace]
 27780 | Vaults:1 | Gained mutation: You have supernaturally acute eyesight.
                  | (SInv) [Jiyva's grace]
 27780 | Vaults:1 | Gained mutation: Your spells are a little harder to cast,
                  | but a little more powerful. [Jiyva's grace]
 27780 | Vaults:1 | Gained mutation: Your spells are harder to cast, but more
                  | powerful. [Jiyva's grace]
 27780 | Vaults:1 | Gained mutation: Your spells are much harder to cast, but
                  | much more powerful. [Jiyva's grace]
 28814 | Vaults:2 | Reached skill level 22 in Unarmed Combat
 28824 | Vaults:2 | Reached skill level 15 in Shapeshifting
 28907 | Vaults:2 | Found a transporter.
 28912 | Vaults:2 | Noticed a lich
 28912 | Vaults:2 | Noticed Amplified's ghost (adept MiBe)
 28913 | Vaults:2 | Noticed ratatoskos's ghost (adept DjHW)
 28914 | Vaults:2 | Noticed a golden dragon
 28943 | Vaults:2 | Found a transporter.
 29047 | Vaults:2 | Found Rimueta's Antique Armour Emporium.
 29153 | Vaults:2 | Reached XP level 19. HP: 177/177 MP: 19/19
 29169 | Vaults:2 | Reached skill level 15 in Dodging
 29773 | Vaults:2 | Lost mutation: You have a pair of small antennae on your
                  | head. [Jiyva's grace]
 29773 | Vaults:2 | Lost mutation: Your spells are much harder to cast, but
                  | much more powerful. [Jiyva's grace]
 29773 | Vaults:2 | Lost mutation: Your spells are harder to cast, but more
                  | powerful. [Jiyva's grace]
 29773 | Vaults:2 | Lost mutation: You have acidic saliva. [Jiyva's grace]
 29773 | Vaults:2 | Lost mutation: You have a small jelly attached to you that
                  | senses nearby items. [Jiyva's grace]
 29773 | Vaults:2 | Gained mutation: You are very agile. (Dex +8, Str/Int -2)
                  | [Jiyva's grace]
 29773 | Vaults:2 | Gained mutation: Your tail ends in a venomous barb.
                  | [Jiyva's grace]
 29773 | Vaults:2 | Gained mutation: Your tail ends in a sharp venomous barb.
                  | [Jiyva's grace]
 29773 | Vaults:2 | Gained mutation: Your tail ends in a wickedly sharp and
                  | venomous barb. [Jiyva's grace]
 30165 | Vaults:3 | Noticed a Tzitzimitl
 30222 | Vaults:3 | Found a staircase to the Crypt.
 30301 | Vaults:3 | Identified the +2 pair of gloves of Unreason {rF+ Regen+}
 30340 | Vaults:3 | Found Bolut's Armour Shop.
 30340 | Vaults:3 | Found Hosy's Assorted Antiques.
 30458 | Vaults:3 | Noticed Saint Roka
 30460 | Vaults:3 | Reached skill level 23 in Unarmed Combat
 30474 | Vaults:3 | Killed Saint Roka
 30477 | Vaults:3 | Found Awored's Magic Scroll Boutique.
 30561 | Vaults:3 | Found a portal to a secret trove of treasure.
 30590 | Vaults:3 | Found Emmig's General Store.
 30637 | Vaults:3 | Found Esesab's Assorted Antiques.
 31440 | Vaults:4 | Reached XP level 20. HP: 189/189 MP: 20/20
 31748 | Vaults:4 | Lost mutation: You have very sharp fingernails. [Jiyva's
                  | grace]
 31748 | Vaults:4 | Lost mutation: You are very agile. (Dex +8, Str/Int -2)
                  | [Jiyva's grace]
 31748 | Vaults:4 | Lost mutation: You possess an exceptional clarity of mind.
                  | [Jiyva's grace]
 31748 | Vaults:4 | Lost mutation: Your muscles are very strong. (Str +8,
                  | Int/Dex -2) [Jiyva's grace]
 31748 | Vaults:4 | Gained mutation: You passively map a small area around you.
                  | [Jiyva's grace]
 31748 | Vaults:4 | Gained mutation: You passively map the area around you.
                  | [Jiyva's grace]
 31748 | Vaults:4 | Gained mutation: You passively map a large area around you.
                  | [Jiyva's grace]
 31748 | Vaults:4 | Gained mutation: Your muscles are very strong. (Str +8,
                  | Int/Dex -2) [Jiyva's grace]
 31929 | Vaults:5 | Entered Level 5 of the Vaults
 32332 | Slime:1  | Entered Level 1 of the Pits of Slime
 32392 | Slime:5  | Entered Level 5 of the Pits of Slime
 32417 | Slime:5  | Found a viscous altar of Jiyva.
 32423 | Slime:5  | Found the +9 sword of Zonguldrok {reap}
 32433 | Slime:5  | Got the Enchiridion on Transformed Malediction
 32435 | Slime:5  | Got the Secrets of Doom and Soot
 32438 | Slime:5  | Identified the +8 flail "Giantslayer" {holy, ^Drain rPois
                  | rC+}
 32440 | Slime:5  | Identified the +4 dagger "Hyagi" {freeze, Will- rCorr SInv}
 32442 | Slime:5  | Identified the staff "Laypp" {Str+2 Necro Earth}
 32461 | Slime:5  | Identified the staff of Kindness {rElec rN+ Dex+4 Necro}
 32479 | Slime:5  | Identified the ring "Nesitelo" {Fly rCorr MP+9 Str-2 Int+4}
 32480 | Slime:5  | Got a starry gem with 453 turns to spare
 32482 | Slime:5  | Got the Atlas of Poisonous Company
 32484 | Slime:5  | Got a slimy rune of Zot
 32485 | Slime:5  | Identified the +5 long sword "Qabeluub" {freeze, rElec
                  | Dex+3}
 32492 | Slime:5  | Noticed the Royal Jelly
 32854 | Depths:1 | Entered Level 1 of the Depths
 33029 | Depths:1 | Found a gateway to Hell.
 33237 | Depths:1 | Found the +6 Majin-Bo {spellvamp, MP+6 Int+6}
 33323 | Depths:1 | Found Bops's Self-Published Books.
 33441 | Depths:1 | Found a bloodstained altar of Trog.
 34139 | Depths:2 | Found a broken altar of Ashenzari.
 34261 | Depths:2 | Found Mito's Antique Weapon Boutique.
 34269 | Depths:2 | Found a one-way gateway to a ziggurat.
 34284 | Depths:2 | Reached skill level 24 in Unarmed Combat
 34393 | Depths:2 | Lost mutation: A frigid envelope surrounds you and freezes
                  | all who hurt you. [Jiyva's grace]
 34393 | Depths:2 | Gained mutation: Your melee attacks may engulf your foes in
                  | ooze. [Jiyva's grace]
 34393 | Depths:2 | Gained mutation: Your rubbery body absorbs attacks. (AC +1,
                  | EV +1) [Jiyva's grace]
 34393 | Depths:2 | Gained mutation: Your pliable body absorbs attacks. (AC +2,
                  | EV +2) [Jiyva's grace]
 34393 | Depths:2 | Gained mutation: Your gelatinous body deflects attacks. (AC
                  | +3, EV +3) [Jiyva's grace]
 34479 | Depths:2 | Noticed a juggernaut
 34483 | Depths:2 | Noticed a juggernaut
 34488 | Depths:2 | Killed a juggernaut
 34499 | Depths:2 | Killed a juggernaut
 34597 | Depths:2 | Found a one-way gate leading to the halls of Pandemonium.
 34694 | Depths:2 | Found Igyifafu's General Store.
 34894 | Depths:3 | Noticed Boris
 34905 | Depths:3 | Killed Boris
 34906 | Depths:3 | Reached XP level 21. HP: 141/198 MP: 21/21
 35036 | Depths:3 | Found a one-way gate to the infinite horrors of the Abyss.
 35328 | Depths:3 | Noticed a juggernaut
 35329 | Depths:3 | Noticed a golden dragon
 35335 | Depths:3 | Killed a juggernaut
 35340 | Depths:3 | Killed a golden dragon
 35884 | Depths:4 | Entered Level 4 of the Depths
 36035 | Depths:4 | Noticed a caustic shrike
 36036 | Depths:4 | Noticed a caustic shrike
 36037 | Depths:4 | Noticed a caustic shrike
 36038 | Depths:4 | Noticed a caustic shrike
 36047 | Depths:4 | Killed a caustic shrike
 36056 | Depths:4 | Killed a caustic shrike
 36061 | Depths:4 | Killed a caustic shrike
 36067 | Depths:4 | Killed a caustic shrike
 36080 | Depths:4 | Noticed a golden dragon
 36084 | Depths:4 | Killed a golden dragon
 36085 | Depths:4 | Reached skill level 25 in Unarmed Combat
 36280 | Depths:4 | Found a gate to the Realm of Zot.
 36388 | Depths:4 | Lost mutation: You passively map a large area around you.
                  | [Jiyva's grace]
 36388 | Depths:4 | Lost mutation: Your muscles are very strong. (Str +8,
                  | Int/Dex -2) [Jiyva's grace]
 36388 | Depths:4 | Lost mutation: Your gelatinous body deflects attacks. (AC
                  | +3, EV +3) [Jiyva's grace]
 36388 | Depths:4 | Lost mutation: You expend magic power (3 MP) to strengthen
                  | your wands. [Jiyva's grace]
 36388 | Depths:4 | Lost mutation: Your melee attacks may engulf your foes in
                  | ooze. [Jiyva's grace]
 36388 | Depths:4 | Gained mutation: Your gelatinous body deflects attacks. (AC
                  | +3, EV +3) [Jiyva's grace]
 36388 | Depths:4 | Gained mutation: You passively map a large area around you.
                  | [Jiyva's grace]
 36388 | Depths:4 | Gained mutation: Armour fits poorly on your pseudopods.
                  | [Jiyva's grace]
 36388 | Depths:4 | Gained mutation: Armour fits poorly on your large
                  | pseudopods. [Jiyva's grace]
 37195 | Elf:1    | Entered Level 1 of the Elven Halls
 37248 | Elf:1    | Paralysed by an air elemental for 1 turns
 37274 | Elf:1    | Identified the +3 rapier of the Middle {freeze, rElec
                  | Dex+3}
 37576 | Elf:1    | Found Widadef's Distillery.
 37607 | Elf:1    | Reached XP level 22. HP: 201/209 MP: 22/22
 38171 | Elf:2    | Found Jaclufap's Jewellery Shop.
 38174 | Elf:2    | Bought a talisman of death for 1600 gold pieces
 38231 | Elf:2    | Found a runed translucent gate.
 38231 | Elf:2    | Found a runed translucent gate.
 38231 | Elf:2    | Found a runed translucent gate.
 38442 | Elf:2    | Identified the +6 orcbow of Doubt {heavy, Str+4 Int-3 Dex+2
                  | SInv}
 38559 | Elf:2    | Lost mutation: Your tail ends in a wickedly sharp and
                  | venomous barb. [Jiyva's grace]
 38559 | Elf:2    | Lost mutation: You have supernaturally acute eyesight.
                  | (SInv) [Jiyva's grace]
 38559 | Elf:2    | Lost mutation: You passively map a large area around you.
                  | [Jiyva's grace]
 38559 | Elf:2    | Lost mutation: You passively map the area around you.
                  | [Jiyva's grace]
 38559 | Elf:2    | Gained mutation: You have acidic saliva. [Jiyva's grace]
 38559 | Elf:2    | Gained mutation: You have a pair of small horns on your
                  | head. [Jiyva's grace]
 38559 | Elf:2    | Gained mutation: You have a pair of horns on your head.
                  | [Jiyva's grace]
 38559 | Elf:2    | Gained mutation: You have a pair of large horns on your
                  | head. [Jiyva's grace]
 38589 | Elf:3    | Entered Level 3 of the Elven Halls
 38710 | Elf:3    | Paralysed by an air elemental for 1 turns
 39246 | Elf:3    | Paralysed by an air elemental for 1 turns
 39285 | Elf:3    | Reached skill level 26 in Unarmed Combat
 39453 | Elf:3    | Found the +10 morningstar "Eos" {elec, Halo rElec}
 39502 | Elf:3    | Identified the +0 leather armour of Xeunutos {*Corrode rF+
                  | Dex+2}
 39532 | Elf:3    | Identified the +0 ring mail "Qodorph" {rF+ Int+2}
 39535 | Elf:3    | Identified the +5 short sword of Doubt {flame, rF- Str+9
                  | Stlth+}
 39566 | Elf:3    | Identified the +11 arbalest of Vodda {flame, rCorr}
 40217 | Crypt:1  | Entered Level 1 of the Crypt
 40288 | Crypt:1  | Identified the +1 longbow of Qazlal's Hatred {heavy, rElec
                  | rPois rF+ Int-4}
 40289 | Crypt:1  | Identified the +8 lajatang of Res Ipsa Loquitur {holy,
                  | Str+2}
 40632 | Crypt:1  | Noticed Boris
 40639 | Crypt:1  | Killed Boris
 40905 | Crypt:1  | Lost mutation: You have a pair of large horns on your head.
                  | [Jiyva's grace]
 40905 | Crypt:1  | Lost mutation: You passively map a small area around you.
                  | [Jiyva's grace]
 40905 | Crypt:1  | Lost mutation: Your gelatinous body deflects attacks. (AC
                  | +3, EV +3) [Jiyva's grace]
 40905 | Crypt:1  | Gained mutation: Armour fits poorly on your massive
                  | pseudopods. [Jiyva's grace]
 40905 | Crypt:1  | Gained mutation: You are covered in slimy tendrils that may
                  | disarm your opponents. [Jiyva's grace]
 40905 | Crypt:1  | Gained mutation: You have a small jelly attached to you
                  | that may absorb projectiles. [Jiyva's grace]
 40905 | Crypt:1  | Gained mutation: Your gelatinous body deflects attacks. (AC
                  | +3, EV +3) [Jiyva's grace]
 41062 | Crypt:1  | Noticed Zenata
 41078 | Crypt:1  | Killed Zenata
 41589 | Crypt:2  | Reached XP level 23. HP: 220/220 MP: 23/23
 41592 | Crypt:2  | Noticed Hali's ghost (veteran FoFi)
 41618 | Crypt:2  | Found a runed translucent door.
 42238 | Crypt:2  | Killed Hali's ghost
 42288 | Crypt:3  | Entered Level 3 of the Crypt
 42718 | Crypt:3  | Lost mutation: Your tail ends in a sharp venomous barb.
                  | [Jiyva's grace]
 42718 | Crypt:3  | Lost mutation: You have acidic saliva. [Jiyva's grace]
 42718 | Crypt:3  | Lost mutation: Your gelatinous body deflects attacks. (AC
                  | +3, EV +3) [Jiyva's grace]
 42718 | Crypt:3  | Lost mutation: Your pliable body absorbs attacks. (AC +2,
                  | EV +2) [Jiyva's grace]
 42718 | Crypt:3  | Lost mutation: Your rubbery body absorbs attacks. (AC +1,
                  | EV +1) [Jiyva's grace]
 42718 | Crypt:3  | Lost mutation: Armour fits poorly on your massive
                  | pseudopods. [Jiyva's grace]
 42718 | Crypt:3  | Gained mutation: You are strong-willed. (Will+) [Jiyva's
                  | grace]
 42718 | Crypt:3  | Gained mutation: You are highly strong-willed. (Will++)
                  | [Jiyva's grace]
 42718 | Crypt:3  | Gained mutation: You are extremely strong-willed. (Will+++)
                  | [Jiyva's grace]
 42718 | Crypt:3  | Gained mutation: You have acidic saliva. [Jiyva's grace]
 42736 | Crypt:3  | Found a basalt altar of Yredelemnul.
 42737 | Crypt:3  | Noticed a dread lich
 42746 | Crypt:3  | Killed a dread lich
 42755 | Crypt:3  | Identified the ring of the Eleven Portals {rF- rN+ Str+2
                  | Stlth+}
 42755 | Crypt:3  | Identified the amulet "Jyligg" {rC+ Regen+}
 42755 | Crypt:3  | Identified the ring "Giyzufag" {rC+ rN+}
 42768 | Crypt:3  | Identified the +8 glaive of the Jester {freeze, rN+ Dex+3}
 42770 | Crypt:3  | Got the Omnibus of the Spheres
 42772 | Crypt:3  | Identified the +3 trident of Cephiplu {heavy, ^Contam rF+
                  | Dex+4}
 42881 | Crypt:3  | Reached skill level 27 in Unarmed Combat
 43050 | Crypt:3  | Found a staircase to the Tomb.
 43577 | Zot:1    | Entered Level 1 of the Realm of Zot
 43624 | Zot:1    | Noticed an orb of fire
 43634 | Zot:1    | Killed an orb of fire
 44242 | Vaults:3 | You paid a toll of +2 shadow dragon scales to enter a
                  | treasure trove
 44243 | Trove    | Entered a treasure trove
 44257 | Trove    | Identified the ring of the Saviour {rF+ Str+6 Dex+3}
 44265 | Trove    | Identified the amulet of the Past {Faith Int+2}
 44268 | Trove    | Identified the ring of Lorir {rPois rC- rN+ Str+6 Int+3}
 44275 | Trove    | Identified the amulet of Absolutism {rElec rC+ Regen+
                  | Dex+3}
 44291 | Trove    | Identified the amulet "Plog" {Faith Dex+3}
 44299 | Trove    | Identified the amulet of Ceidyets {Acrobat rF+ rC- Dex+4}
 44549 | Vaults:5 | Identified the +7 battleaxe of Uncertain Death {flame,
                  | rElec MP+9}
 44646 | Vaults:5 | Got a silver rune of Zot
 44736 | Vaults:5 | Noticed an ancient lich
 44743 | Vaults:5 | Killed an ancient lich
 44744 | Vaults:5 | Reached XP level 24. HP: 221/232 MP: 23/23
 44847 | Vaults:5 | Identified the ring of Eternal Night {Ice rElec Str-2
                  | Dex+3}
 44861 | Vaults:5 | Identified the ring of the Turtledove {*Slow rC+ Str+6
                  | Int+6 SInv}
 44984 | Vaults:5 | Noticed a dread lich
 45002 | Vaults:5 | Killed a dread lich
 45035 | Vaults:5 | Got the Omnibus of Voltage
 45193 | Vaults:5 | Identified the +3 spear of Cowardice {speed, rF+ Str+5}
 45452 | Vaults:5 | Identified the ring of Ilunoank {rElec rF+ rC++ rN+}
 45974 | Zot:1    | Noticed an orb of fire
 45974 | Zot:1    | Gained mutation: You do not regenerate when monsters are
                  | visible. [an orb of fire]
 45998 | Zot:1    | Killed an orb of fire
 46183 | Zot:1    | Lost mutation: You are covered in slimy tendrils that may
                  | disarm your opponents. [potion of mutation]
 46183 | Zot:1    | Lost mutation: You do not regenerate when monsters are
                  | visible. [potion of mutation]
 46224 | Zot:1    | Lost mutation: You have sharp fingernails. [Jiyva's grace]
 46224 | Zot:1    | Lost mutation: Your tail ends in a venomous barb. [Jiyva's
                  | grace]
 46224 | Zot:1    | Lost mutation: You are extremely strong-willed. (Will+++)
                  | [Jiyva's grace]
 46224 | Zot:1    | Lost mutation: You are highly strong-willed. (Will++)
                  | [Jiyva's grace]
 46224 | Zot:1    | Lost mutation: Armour fits poorly on your large pseudopods.
                  | [Jiyva's grace]
 46224 | Zot:1    | Lost mutation: Armour fits poorly on your pseudopods.
                  | [Jiyva's grace]
 46224 | Zot:1    | Gained mutation: Your spells are harder to cast, but more
                  | powerful. [Jiyva's grace]
 46224 | Zot:1    | Gained mutation: Your spells are much harder to cast, but
                  | much more powerful. [Jiyva's grace]
 46224 | Zot:1    | Gained mutation: You are robust. (+10% HP) [Jiyva's grace]
 46224 | Zot:1    | Gained mutation: You are very robust. (+20% HP) [Jiyva's
                  | grace]
 46925 | Zot:2    | Noticed Grunn
 46938 | Zot:2    | Killed Grunn
 47492 | Zot:3    | Noticed an orb of fire
 47498 | Zot:3    | Gained mutation: You occasionally lose the ability to read
                  | scrolls when taking damage. [an orb of fire]
 47504 | Zot:3    | Gained mutation: You are vulnerable to heat. (rF-) [an orb
                  | of fire]
 47514 | Zot:3    | Killed an orb of fire
 47607 | Zot:2    | Lost mutation: You are agile. (Dex +4, Str/Int -1) [potion
                  | of mutation]
 47607 | Zot:2    | Lost mutation: Your spells are much harder to cast, but
                  | much more powerful. [potion of mutation]
 47607 | Zot:2    | Lost mutation: You occasionally lose the ability to read
                  | scrolls when taking damage. [potion of mutation]
 47607 | Zot:2    | Lost mutation: Your spells are harder to cast, but more
                  | powerful. [potion of mutation]
 47607 | Zot:2    | Lost mutation: You have a pair of horns on your head.
                  | [potion of mutation]
 47607 | Zot:2    | Lost mutation: Your muscles are strong. (Str +4, Int/Dex
                  | -1) [potion of mutation]
 47607 | Zot:2    | Gained mutation: You expend magic power (3 MP) to
                  | strengthen your wands. [potion of mutation]
 47988 | Zot:3    | Lost mutation: You have a pair of small horns on your head.
                  | [Jiyva's grace]
 47988 | Zot:3    | Lost mutation: You are vulnerable to heat. (rF-) [Jiyva's
                  | grace]
 47988 | Zot:3    | Gained mutation: Your flesh is cold resistant. (rC+)
                  | [Jiyva's grace]
 47988 | Zot:3    | Gained mutation: Your flesh is very cold resistant. (rC++)
                  | [Jiyva's grace]
 47988 | Zot:3    | Gained mutation: Your flesh is almost immune to the effects
                  | of cold. (rC+++) [Jiyva's grace]
 47988 | Zot:3    | Gained mutation: Armour fits poorly on your pseudopods.
                  | [Jiyva's grace]
 48375 | Zot:4    | Reached XP level 25. HP: 292/292 MP: 23/23
 49220 | Zot:5    | Entered Level 5 of the Realm of Zot
 49471 | Zot:5    | Noticed a dread lich
 49473 | Zot:5    | Noticed an orb of fire
 49478 | Zot:5    | Noticed an orb of fire
 49529 | Zot:4    | Gained mutation: You occasionally lose the ability to read
                  | scrolls when taking damage. [an orb of fire]
 49539 | Zot:4    | Killed an orb of fire
 49557 | Zot:5    | Noticed a dread lich
 49565 | Zot:4    | Killed an orb of fire
 49580 | Zot:5    | Noticed a Killer Klown
 49586 | Zot:4    | Killed a dread lich
 49644 | Zot:4    | Killed a dread lich
 49658 | Zot:4    | Killed a Killer Klown
 49683 | Zot:5    | Noticed an orb of fire
 49687 | Zot:5    | Noticed a dread lich
 49706 | Zot:5    | Noticed an ancient lich
 49707 | Zot:5    | Gained mutation: You are weak. (Str -2) [an orb of fire]
 49707 | Zot:5    | Noticed an ancient lich
 49710 | Zot:4    | Killed a dread lich
 49716 | Zot:5    | Gained mutation: You are occasionally teleported next to
                  | monsters. [an orb of fire]
 49723 | Zot:4    | Killed an ancient lich
 49730 | Zot:5    | Gained mutation: You are dopey. (Int -2) [an orb of fire]
 49738 | Zot:4    | Gained mutation: Your body sometimes deteriorates upon
                  | taking damage. [an orb of fire]
 49742 | Zot:4    | Lost mutation: You are very robust. (+20% HP) [an orb of
                  | fire]
 49743 | Zot:4    | Killed an orb of fire
 49757 | Zot:5    | Killed an ancient lich
 49766 | Zot:5    | Lost mutation: Your body sometimes deteriorates upon taking
                  | damage. [potion of mutation]
 49766 | Zot:5    | Lost mutation: Armour fits poorly on your pseudopods.
                  | [potion of mutation]
 49766 | Zot:5    | Lost mutation: You are occasionally teleported next to
                  | monsters. [potion of mutation]
 49766 | Zot:5    | Gained mutation: A frigid envelope surrounds you and
                  | freezes all who hurt you. [potion of mutation]
 49843 | Zot:5    | Noticed a Killer Klown
 49848 | Zot:5    | Noticed a Killer Klown
 49852 | Zot:5    | Killed a Killer Klown
 49872 | Zot:5    | Killed a Killer Klown
 49927 | Zot:5    | Noticed a Killer Klown
 49927 | Zot:5    | Noticed a Killer Klown
 49928 | Zot:5    | Noticed a Killer Klown
 49929 | Zot:5    | Noticed an ancient lich
 49929 | Zot:5    | Noticed a Killer Klown
 49951 | Zot:5    | Killed a Killer Klown
 49961 | Zot:5    | Killed an ancient lich
 49970 | Zot:5    | Killed a Killer Klown
 49973 | Zot:5    | Noticed a Killer Klown
 49977 | Zot:5    | Killed a Killer Klown
 49982 | Zot:5    | Killed a Killer Klown
 50006 | Zot:5    | Killed a Killer Klown
 50070 | Zot:5    | Noticed a Killer Klown
 50085 | Zot:5    | Killed a Killer Klown
 50086 | Zot:5    | Reached XP level 26. HP: 258/283 MP: 23/23
 50381 | Zot:5    | Got the Orb of Zot
 51027 | D:$      | Escaped with the Orb!

Illustrated notes

Levels and vault maps discovered:
D:1:      tarquinn_simple_flora_water_a, layout_basic
D:2:      layout_basic, serial_shops, shop, uniq_natasha, uniq_jessica,
          uniq_terence
D:3:      layout_loops_corners, lemuel_crystal_altar,
          gammafunk_temple_overflow_forgotten, uniq_pargi
D:4:      layout_basic, kennysheep_orc_sif_temple, old_standard_altar,
          gup_sewer_entry_bubbles, nicolae_figureground_pulse
D:5:      layout_basic
D:6:      layout_loops_ring, mainiacjoe_overflow_alcove_3,
          minmay_temple_entry_tees, grunt_ministairs_15, kennysheep_crisscross,
          nicolae_grassy_gnolls, uniq_pikel
D:7:      layout_basic, grunt_ministairs_14, hangedman_decor_push,
          minmay_misc_feat_secret_circle, chequers_serial_rivers_marsh
D:8:      layout_layer_cave, lemuel_coloured_pillars_altar, david_lair_generic,
          enter_bailey_2, serial_library_hellmonk_hallway_a
D:9:      layout_loops_ring, good_gods_mini_temple, mainiacjoe_overflow_paths
D:10:     layout_stronghold, hex_tiny, grunt_ministairs_6
D:11:     layout_rooms, serial_shops, shop, nicolae_shop_waterfront,
          nicolae_square_shop, nicolae_shop_tiny_glass, shop, vehumet_statue
D:12:     regret_index_all_hallows'_manor, layout_basic, david_orc_4,
          uniq_erolcha
D:13:     layout_loops_cross, gauntlet_entry_generic, minivault_15, uniq_jorgrun
D:14:     layout_cave_pods, hellmonk_vaults_keyhole, minmay_staircase_bubble,
          dk_noncrumbling_4
D:15:     grunt_enter_depths_magical_seal, layout_loops_ring, bloody_makhleb,
          st_stairs_3, uniq_nessos, uniq_kirke
Temple:   nicolae_temple_great_sept
Lair:1:   layout_loops_ring, lemuel_fruit_fields
Lair:2:   layout_regular_city, minmay_swamp_entry_swarm,
          hellmonk_spider_entry_not_the_bees, enter_volcano_1,
          lemuel_fruit_tree, uniq_fannar
Lair:3:   nzn_winding_woodlands_small
          [nzn_winding_woodlands_5x15_river_crossing,
          nzn_winding_woodlands_center_pierced_h,
          nzn_winding_woodlands_5x15_split_checker], layout_cave_pods,
          serial_bayou_lake_a
Lair:4:   layout_gridlike, minivault_23
Lair:5:   minmay_lair_end_enchanted_forest, layout_long_grid,
          minmay_slime_entry_eyes, gammafunk_ghost_ooze,
          chequers_serial_rivers_micro_c, chequers_serial_rivers_micro_b
Swamp:1:  layout_basic_swamp, evilmike_swamp_ruin_house_6
Swamp:2:  layout_basic_swamp, basic_altar, nicolae_swamp_baby_hydras
Swamp:3:  layout_basic_swamp, hangedman_swamp_lotus, swamp_pool_1_2
Swamp:4:  grunt_swamp_rune_castle, layout_basic_swamp
Spider:1: layout_spider_delve, nicolae_spider_checkerboard
Spider:2: layout_cave_pods, nicolae_spider_acid_house
Spider:3: layout_spider_delve, uniq_arachne
Spider:4: grunt_spider_rune_parallel
Slime:1:  layout_caves, nicolae_slime_barrier
Slime:2:  nicolae_slime_jelly_donut, layout_caves
Slime:3:  layout_caves
Slime:4:  layout_caves, basic_altar
Slime:5:  slime_pit_nicolae_trefoil
Orc:1:    layout_caves, portal_ice_cave_entry_pillars_2, basic_altar, uniq_erica
Orc:2:    st_orc_ogre_mass, layout_caves
Elf:1:    layout_loops_cross, serial_shops, shop,
          nicolae_elf_loose_elemental_storage
Elf:2:    nicolae_elf_blades_splatter_lattice [grunt_blade_entry_basic],
          layout_loops_cross, serial_shops, nicolae_shop_tiny_real_fake_doors,
          minivault_11, st_stairs_10, laboratory, uniq_louise, uniq_aizul
Elf:3:    minmay_elf_hall_circle, layout_gridlike, serial_library,
          serial_library_hellmonk_secret_room,
          serial_library_hellmonk_filled_rooms,
          serial_library_regret_index_headful,
          serial_library_hellmonk_layered_room
Vaults:1: v_alt_pattern_3, hangedman_vaults_variations, nicolae_vaults_meeting,
          hangedman_vaults_corner_blocks, nicolae_vaults_little_squares_6,
          layout_vaults_chaotic_city
Vaults:2: nzn_ghost_randoct, v_alt_pattern_4, hangedman_vaults_stream,
          nicolae_vaults_six-pack, vaults_dpeg_hooks, hangedman_vaults_maws,
          v_pattern_5, v_rooms_3, grunt_vaults_bifocal,
          nicolae_vaults_display_case, nicolae_vaults_sesquioval_fish,
          layout_vaults_omnigrid, serial_shops, nicolae_shop_tiny_glass
Vaults:3: nicolae_vaults_house_1, v_misc_27, nicolae_vaults_murderbox,
          grunt_vaults_swirl, grunt_vaults_funnel, hangedman_vaults_maws,
          v_misc_13, nicolae_vaults_sealed_display,
          nicolae_vaults_offset_grid_hallway_2,
          nicolae_vaults_closet_pinwheel_4, ontoclasm_vaults_hangar,
          minmay_crypt_entry_simple_sparse, vaults_dpeg_emergency_exit,
          nicolae_vaults_offset_grid_hallway_4, v_misc_19, layout_vaults_maze,
          nicolae_trove_entry_free_sample, serial_shops,
          nicolae_shop_behind_doors, nicolae_shop_tiny_statue_garden, shop,
          shop_fountains, nicolae_shop_scrapyard, uniq_saint_roka
Vaults:4: nicolae_vaults_disjoint_gnomons, hangedman_vaults_restitches,
          nicolae_vaults_bisected_exclaves, nicolae_vaults_more_shelving_1,
          vaults_room_door_hall, nicolae_vaults_security_offices_1,
          nicolae_vaults_rhombus_7, hangedman_vaults_cutoff,
          nicolae_vaults_little_ls, nicolae_vaults_diamond_1,
          vaults_room_door_ring, ontoclasm_vaults_loading_screen,
          nicolae_vaults_house_2, v_misc_23, layout_vaults_omnicross
Vaults:5
Crypt:1:  layout_catacombs, beargit_elvish_explorers,
          grunt_crypt_arrival_webbed, uniq_zenata
Crypt:2:  layout_gridlike, hellmonk_ghost_big_iron, grunt_megastairs_2
Crypt:3:  cryptofortress_bobbens
Depths:1: minmay_guarded_unrand_majin_bo, layout_gridlike, hellmouth_3,
          minmay_stone_trees_small, nicolae_custom_books,
          evilmike_spriggan_trog_shrine
Depths:2: thingy_vault, layout_cave_shapes, enter_ziggurat_b,
          rand_demon_pan_entry_8, evilmike_ruin_ashenzari, serial_shops, shop,
          hell_entry, kennysheep_small_circle
Depths:3: hangedman_stitches_corridor, layout_basic,
          nicolae_abyss_entry_one_way_or_another, pf_coc_iceberg,
          minmay_staircase_statues, uniq_boris
Depths:4: grunt_zot_entry_alcove, layout_basic, hell_entry,
          rand_demon_pan_entry_4, hangedman_abyss_or_decor_clamps
Zot:1:    layout_gridlike, grunt_ministairs_4, regret_index_zotdec_stipple_waver
Zot:2:    layout_onion, regret_index_zotdec_iron_s, uniq_grunn
Zot:3:    layout_gridlike, regret_index_zotdec_wing_it, st_stairs_11
Zot:4:    kennysheep_room_grid, layout_misc_corridors,
          regret_index_zotdec_decaying_basic
Zot:5:    layout_basic

Skill      XL: |  1  2  3  4  5  6  7  8  9 10 11 12 13 14 15 16 17 18 19 20 21 22 23 24 25 |
---------------+----------------------------------------------------------------------------+-----
Dodging        | 2 3 4 5 6 7 8 9 10 11 12 13 14 15 16 17 18 19 20 21 | 21.7
Fighting       | 2 3 4 5 7 8 9 11 12 13 14 15 16 17 18 19 20 21 22 23 25 | 25.3
Unarmed Combat | 4 5 6 8 9 11 12 14 15 17 18 19 21 22 23 24 25 26 27 | 27.0
Shapeshifting  | 4 5 6 7 8 9 10 11 12 13 14 15 16 17 18 19 20 21 | 21.8

Action                     |  1- 3 |  4- 6 |  7- 9 | 10-12 | 13-15 | 16-18 | 19-21 | 22-24 | 25-27 || total
---------------------------+-------+-------+-------+-------+-------+-------+-------+-------+-------++-------
  Melee: Unarmed           |    64 |   248 |   169 |   567 |  1421 |  1212 |  1041 |  1360 |   479 ||  6561
         Tailslap          |     9 |    27 |    29 |   103 |   308 |   276 |   224 |   344 |   120 ||  1440
         Punch             |       |     8 |     5 |     8 |       |   122 |   214 |   318 |   139 ||   814
         Pseudopods        |       |       |    10 |       |   212 |   232 |    23 |   311 |    92 ||   880
         Kick              |       |       |    13 |   217 |   224 |       |       |       |       ||   454
         Bite              |       |       |       |       |   169 |   222 |    11 |   224 |   102 ||   728
         Maw               |       |       |       |       |       |   252 |   381 |   514 |   189 ||  1336
         Headbutt          |       |       |       |       |       |       |       |   427 |       ||   427
 Invoke: Oozemancy         |       |       |       |       |       |     1 |       |       |       ||     1
         Slimify           |       |       |       |       |       |     1 |       |       |       ||     1
Ability: Breathe Dispellin |       |       |     2 |     4 |     4 |     2 |     1 |     2 |     1 ||    16
         Begin Untransform |       |       |       |     1 |       |       |       |       |       ||     1
  Evoke: Wand              |       |       |    19 |     1 |     4 |       |       |     1 |       ||    25
    Use: Potion            |       |     2 |     4 |     7 |       |     1 |       |     2 |     1 ||    17
         Scroll            |       |       |       |     5 |    15 |     4 |     2 |     4 |       ||    30
   Stab: Sleeping          |     1 |     1 |     1 |       |       |     5 |     1 |     2 |     1 ||    12
         Distracted        |       |       |       |       |     1 |       |       |     1 |       ||     2
 Armour: Skin              |    36 |   113 |   102 |   183 |   369 |   505 |   405 |   569 |   293 ||  2575
  Dodge: Dodged            |    45 |   140 |   119 |   542 |  1536 |  1857 |  1120 |  1236 |   359 ||  6954
   Form: Flux              |       |       |       |     1 |       |       |       |       |       ||     1
         Maw               |       |       |       |       |       |     1 |       |       |       ||     1
